 Dungeon Crawl Stone Soup version 0.29-a0-557-g43b9904bd1 (webtiles) character file.

Game seed: 12630614244447529395

23 spaghetti the Nimble (level 2, -1/30 HPs)
             Began as a Gnoll Wanderer on June 8, 2022.
             Slain by a gnoll
             ... wielding a +0 flail
              (6 damage)
             ... on level 3 of the Dungeon.
             The game lasted 00:02:01 (1553 turns).

spaghetti the Nimble (Gnoll Wanderer)               Turns: 1553, Time: 00:02:01

Health: -1/30      AC: 21    Str: 12    XL:     2   Next: 95%
Magic:  4/5        EV:  2    Int:  9    God:
Gold:   53         SH:  0    Dex: 12    Spells: 5/6 levels left

rFire   . . .      SeeInvis .   a - +0 club {mace}
rCold   . . .      Faith    .   (no shield)
rNeg    . . .      Spirit   .   (body armour currently unavailable)
rPois   +          Reflect  .   (helmet currently unavailable)
rElec   .          Harm     .   (cloak currently unavailable)
rCorr   .          Rampage  .   (gloves currently unavailable)
Will    .....      NoTele   +   (boots currently unavailable)
Stlth   ++........              (no amulet)
HPRegen 0.10/turn               (no ring)
MPRegen 0.09/turn               (no ring)

@: tree-form
A: stationary, stasis, torment immunity, boosted hp, (fangs 1), strong nose,
distributed training
a: no special abilities


You were on level 3 of the Dungeon.
You were a tree.
You visited 1 branch of the dungeon, and saw 3 of its levels.

You collected 53 gold pieces.


Innate Abilities, Weirdness & Mutations

You are a tree.
Your roots penetrate the ground, keeping you stationary.
You cannot be teleported.
You are immune to unholy pain and torment.
Your maximum health is greatly increased.
Your equipment is partially melded.
((You have very sharp teeth.))
Your uncanny sense of smell can sniff out nearby items.
Your experience applies equally to all skills.


   Skills:
 + Level 0.5 Fighting
 + Level 0.5 Short Blades
 + Level 0.5 Long Blades
 + Level 0.5 Axes
 + Level 0.5 Maces & Flails
 + Level 0.5 Polearms
 + Level 0.5 Staves
 + Level 0.5 Slings
 + Level 0.5 Bows
 + Level 0.5 Crossbows
 + Level 0.5 Throwing
 + Level 0.5 Armour
 + Level 10.4 Dodging
 + Level 2.3 Stealth
 + Level 0.5 Shields
 + Level 0.5 Unarmed Combat
 + Level 2.7 Spellcasting
 + Level 0.4 Conjurations
 + Level 3.7 Hexes
 + Level 0.4 Summonings
 + Level 0.4 Necromancy
 + Level 0.4 Translocations
 + Level 0.4 Transmutations
 + Level 0.4 Fire Magic
 + Level 0.4 Ice Magic
 + Level 0.4 Air Magic
 + Level 0.4 Earth Magic
 + Level 0.4 Poison Magic
 + Level 0.7 Invocations
 + Level 2.5 Evocations


You had 5 spell levels left.
You knew the following spells:

 Your Spells              Type           Power      Damage    Failure   Level
a - Slow                  Hex            28%        N/A       7%          1

Your spell library contained the following spells:

 Spells                   Type           Power      Damage    Failure   Level
 Confusing Touch          Hex            7%         N/A       21%         3
 Dazzling Flash           Conj/Hex       8%         N/A       36%         3
 Yara's Violent Unravell  Hex/Tmut       2%         3d3       98%         5
 Enfeeble                 Hex            3%         N/A       100%        7

Inventory:

Hand Weapons
 a - a +0 club (weapon) {mace}
Missiles
 i - 21 stones {throwing}
Armour
 d - a +2 leather armour (melded)
Magical Staves
 e - a staff of air {!astaff}
   (You found it on level 1 of the Dungeon)
Scrolls
 f - a scroll of teleportation {@r4}
 h - 2 scrolls of identify {unknown}
 j - 2 scrolls of blinking {!r}
 k - a scroll of fear {unknown}
 l - a scroll of poison {!r}
 n - a scroll of brand weapon {unknown}
Potions
 b - a potion of attraction {!q}
 g - 3 potions of lignification {!q}
 m - a potion of curing {unknown}

Dungeon Overview and Level Annotations

Branches:
Dungeon (3/15)

Altars:
######### #♣g...... #########

You could see a gnoll.


Message History

You are too injured to fight recklessly!
You are too injured to fight recklessly!
You are too injured to fight recklessly!
You are too injured to fight recklessly!
You are too injured to fight recklessly!
Unknown command.
Unknown command.
You hit the gnoll. The gnoll hits you but does no damage.
The gnoll barely misses you.
You closely miss the gnoll. You bite the gnoll, but do no damage.
The gnoll hits you with a +0 flail.
* * * LOW HITPOINT WARNING * * *
The gnoll misses you. 😨 HP[-6]
You take 6 damage, and now have 10/20 hp.
MASSIVE DAMAGE!! (PAUSE) Unknown command.
Unknown command.
Really read
j - 3 scrolls of blinking {!r}?
Blink to where?
Press: ? - help, Dir - move target
As you read the scroll of blinking {!r}, it crumbles to dust.
You climb downwards.
You hear the sound of rushing water.
There is an entrance to a sewer on this level.
Hurry and find it before the portal rusts away!
There is a stone staircase leading up here.
Unknown command.
You start resting.
You hear the slow rusting of a very distant drain. 😮 HP[+3]
You regained 3 hp, and now have 13/20 hp.
Unknown command.
You start resting.
You hear the slow rusting of a very distant drain. 😕 HP[+3]
You regained 3 hp, and now have 16/20 hp.
Unknown command.
You start resting.
You hear the slow rusting of a very distant drain. 😕 HP[+3]
You regained 3 hp, and now have 19/20 hp.
Unknown command.
You start resting. 😎 HP[+1]
Your hp is fully restored (20).
Unknown command.
You climb upwards.
The gnoll hits you with a +0 flail.
There is a stone staircase leading down, spattered with blood here. 😮 HP[-6]
You take 6 damage, and now have 14/20 hp.
MASSIVE DAMAGE!! (PAUSE) Unknown command.
Unknown command.
The gnoll closely misses you.
You climb downwards.
You hear the sound of rushing water.
There is an entrance to a sewer on this level.
Hurry and find it before the portal rusts away!
There is a stone staircase leading up here.
Unknown command.
Unknown command.
Unknown command.
You hit the gnoll. The gnoll misses you.
You hit the gnoll. The gnoll hits you but does no damage.
You barely miss the gnoll. Your bite misses the gnoll. The gnoll misses you.
The gnoll hits you with a +0 flail. 😮 HP[-3]
You take 3 damage, and now have 11/20 hp.
You closely miss the gnoll. The gnoll hits you with a +0 flail!
* * * LOW HITPOINT WARNING * * *
😱 HP[-7]
You take 7 damage, and now have 4/20 hp.
MASSIVE DAMAGE!! (PAUSE) It was a potion of flight.
You feel very buoyant.
You fly up into the air.
The gnoll closely misses you.
Unknown command.
Unknown command.
It was a potion of lignification.
You turn into a tree.
Your +2 leather armour melds into your body.
Your roots penetrate the ground.
The gnoll hits you with a +0 flail.
* * * LOW HITPOINT WARNING * * *
😱 HP[+2]
You now have 30 max hp (+10).
You regained 2 hp, and now have 6/30 hp.
Unknown command.
Unknown command.
Unknown command.
You hit the gnoll but do no damage. The gnoll hits you but does no damage.
You hit the gnoll but do no damage. The gnoll hits you with a +0 flail.
* * * LOW HITPOINT WARNING * * *
😱 HP[-1]
You take 1 damage, and now have 5/30 hp.
Casting: Slow (safe; 7% risk of failure)
Confirm with . or Enter, or press ? or * to list all spells.
Aiming: Slow (safe; 7% risk of failure)
Press: ? - help, Shift-Dir - straight line, f - gnoll
Aim: a gnoll, wielding a +0 flail (moderately wounded, chance to affect: 52%)
The gnoll resists with significant effort.
The gnoll hits you with a +0 flail.
You die...

Skill      XL: | |
---------------+-+-----
Dodging        | | 10.4
Fighting       | |  0.5
Short Blades   | |  0.5
Long Blades    | |  0.5
Axes           | |  0.5
Maces & Flails | |  0.5
Polearms       | |  0.5
Staves         | |  0.5
Slings         | |  0.5
Bows           | |  0.5
Crossbows      | |  0.5
Throwing       | |  0.5
Armour         | |  0.5
Stealth        | |  2.3
Shields        | |  0.5
Unarmed Combat | |  0.5
Spellcasting   | |  2.7
Conjurations   | |  0.4
Hexes          | |  3.7
Summonings     | |  0.4
Necromancy     | |  0.4
Translocations | |  0.4
Transmutations | |  0.4
Fire Magic     | |  0.4
Ice Magic      | |  0.4
Air Magic      | |  0.4
Earth Magic    | |  0.4
Poison Magic   | |  0.4
Invocations    | |  0.7
Evocations     | |  2.5

Action                   || total
-------------------------++-------
Melee: Club              ||   110
       Bite              ||     6
 Cast: Slow              ||     4
  Use: Scroll            ||     4
       Potion            ||     2
 Stab: Sleeping          ||     2
Armor: Leather armour    ||    39
       Skin              ||     1
Dodge: Dodged            ||   104

Levels and vault maps discovered:
D:1:      dpeg_arrival_shrine, layout_loops_ring,
          shapermc_ecumenical_altar_mp_vishouse, bh_walls_and_bars
D:2:      layout_loops_ring, basic_altar
D:3:      layout_basic, cheibrodos_sewer_entry_sluice, uniq_pargi

Notes
Turn   | Place    | Note
-------+----------+-------------------------------------------
     0 | D:1      | Reached skill level 10 in Dodging
     0 | D:1      | spaghetti the Gnoll Wanderer began the quest for the Orb.
     0 | D:1      | spaghetti set off with the following items: a +0 club
                  | {mace}, a potion of attraction {!q}, a scroll of blinking
                  | {!r}, a +2 leather armour; and the following spell
                  | memorised: Slow; and the following spells available to
                  | memorise: Dazzling Flash
     0 | D:1      | Reached XP level 1. HP: 13/13 MP: 4/4
     0 | D:1      | magus.rc [v1.9.6]
   135 | D:1      | HP: 1/13 [goblin/+0 dagger (3)]
   177 | D:1      | Reached XP level 2. HP: 5/19 MP: 3/5
   488 | D:1      | You pick up a book of Misfortune and begin reading...
   488 | D:1      | You add the spells Confusing Touch, Yara's Violent
                  | Unravelling and Enfeeble to your library.
   981 | D:1      | Found a faded altar of an unknown god.
  1548 | D:3      | HP: 4/20 [gnoll/+0 flail (7)]
  1553 | D:3      | Slain by a gnoll

Vanquished Creatures
  2 ball pythons (D:1)
  An endoplasm (D:1)
  A giant cockroach (D:1)
  3 goblins (D:1)
  2 hobgoblins (D:1)
  3 quokkas
  3 bats (D:1)
  2 frilled lizards (D:1)
  4 rats (D:1)
21 creatures vanquished.

Table legend:
 A = Non-vault XP
 B = Vault XP
 C = Vault XP percentage of total XP
 D = Non-vault monster count
 E = Vault monster count
 F = Vault count percentage of total count
                 A         B        C        D         E       F
            +---------+---------+-------+---------+---------+-------
      Total |      33 |       0 |   0.0 |      21 |       0 |   0.0
            +---------+---------+-------+---------+---------+-------
        D:1 |      31 |       0 |   0.0 |      20 |       0 |   0.0
        D:2 |       2 |       0 |   0.0 |       1 |       0 |   0.0
            +---------+---------+-------+---------+---------+-------

Illustrated notes

Table legend:
 A = Kills in this place as a percentage of kills in entire the game.
 B = Kills by you in this place as a percentage of kills by you in the entire game.
 C = Kills by friends in this place as a percentage of kills by friends in the entire game.
 D = Other kills in this place as a percentage of other kills in the entire game.
 E = Experience gained in this place as a percentage of experience gained in the entire game.
 F = Experience gained in this place divided by the number of levels of this place that you have seen.
                   A       B       C       D       E      F
               +-------+-------+-------+-------+-------+----------------------
         Total | 100.0 | 100.0 |   N/A |   N/A | 100.0 |  11.0
       Dungeon | 100.0 | 100.0 |   N/A |   N/A | 100.0 |  11.0
               +-------+-------+-------+-------+-------+----------------------

Table legend: (Time is in decaauts)
 A = Elapsed time spent in this place.
 B = Non-inter-level travel time spent in this place.
 C = Inter-level travel time spent in this place.
 D = Time resting spent in this place.
 E = Time spent auto-exploring this place.
 F = Levels seen in this place.
 G = Mean time per level.
                   A        B        C        D        E       F      G
               +--------+--------+--------+--------+--------+-----+--------+
         Total |   1585 |   1547 |     38 |    182 |   1073 |   3 |  528.3 |
       Dungeon |   1585 |   1547 |     38 |    182 |   1073 |   3 |  528.3 |
               +--------+--------+--------+--------+--------+-----+--------+

Top non-repeatable levels by time:
     D:1: 1368 daAuts
     D:3: 170 daAuts
     D:2: 45 daAuts
